 Dungeon Crawl Stone Soup version 0.32-a0-913-g739538afd8 (webtiles) character file.

Game seed: 11610860200738193807

53 Adrian566 the Sneak (level 3, 0/24 HPs)
             Began as an Octopode Brigand on Apr 9, 2024.
             Slain by an ufetubus (2 damage)
             ... summoned by a ynoxinul
             ... on level 1 of the Abyss.
             The game lasted 00:03:08 (1337 turns).

Adrian566 the Sneak (Octopode Brigand)              Turns: 1337, Time: 00:03:08

Health: 0/24       AC:  1    Str: 10    XL:     3   Next: 87%
Magic:  3/3        EV: 12    Int: 13    God:
Gold:   100        SH:  0    Dex: 15    Spells: 2/2 levels left

rFire   . . .        j - +2 dagger (venom)
rCold   . . .        (no shield)
rNeg    . . .        (helmet restricted)
rPois   .            (no amulet)
rElec   .            (no ring)
rCorr   .            (no ring)
SInv    .            (no ring)
Will    .....        (no ring)
Stlth   ++++         (no ring)
HPRegen 0.24/turn    (no ring)
MPRegen 0.08/turn    (no ring)
                     (no ring)

%: no passive effects
@: no status effects
A: almost no armour, amphibious, 8 rings, camouflage 1, gelatinous body 1,
(nimble swimmer 1), tentacles, no potion heal 1, MP-powered wands
a: no special abilities


You were on level 1 of the Abyss.
You visited 1 branch of the dungeon, and saw 2 of its levels.
You visited the Abyss 1 time.

You collected 100 gold pieces.

Inventory:

Hand Weapons
 j - a +2 dagger of venom (weapon)
Missiles
 b - 9 poisoned darts (quivered)
 c - 3 curare-tipped darts
Potions
 f - 3 potions of curing


   Skills:
 + Level 2.1 Fighting
 + Level 2.1 Short Blades
 + Level 2.1 Throwing
 + Level 1.1 Dodging
 * Level 7.0 Stealth


You had 2 spell levels left.
You didn't know any spells.
Your spell library contained the following spells:

 Spells                   Type           Power      Damage    Failure   Level
 Kiss of Death            Conj/Necr      0%         2d5       30%         1
 Ensorcelled Hibernation  Hex/Ice        0%         N/A       43%         2
 Lesser Beckoning         Tloc           0%         N/A       43%         2
 Maxwell's Portable Pile  Tloc           0%         2d(5-13)  67%         3
 Passwall                 Erth           0%         N/A       67%         3
 Swiftness                Air            0%         N/A       67%         3
 Teleport Other           Tloc           0%         N/A       67%         3


Dungeon Overview and Level Annotations

Branches:
Dungeon (2/15)

Altars:
Vehumet
Lugonu


Innate Abilities, Weirdness & Mutations

You cannot wear most types of armour.
You are amphibious.
You can wear up to eight rings at the same time.
Your skin changes colour to match your surroundings (Stealth+).
Your rubbery body absorbs attacks. (AC +1, EV +1)
((You are camouflaged when in or above water. (Stealth+)))
You have tentacles for arms and can constrict up to eight enemies at once.
Potions are less effective at restoring your health.
You expend magic power (3 MP) to strengthen your wands.


Message History

The ufetubus hits you but does no damage. x2
You barely miss the ynoxinul.
The ynoxinul is heavily wounded.
The ufetubus hits you.
The ufetubus hits you but does no damage. x3
The ufetubus barely misses you.
The ufetubus hits you but does no damage.
The ynoxinul barely misses you.
The ufetubus hits you but does no damage. x6
You hit the ufetubus.
The ufetubus is moderately wounded.
The ufetubus hits you but does no damage. x4
The ufetubus barely misses you.
The ufetubus hits you but does no damage.
The ynoxinul hits you.
The ufetubus hits you but does no damage. x2
The ufetubus barely misses you.
The ufetubus hits you but does no damage.
You hit the ynoxinul.
The ynoxinul is severely wounded.
The ufetubus hits you but does no damage. x8
The ynoxinul hits you but does no damage.
The ufetubus hits you but does no damage. x2
You hit the ynoxinul but do no damage.
The ynoxinul is severely wounded.
You feel less wooden. The ufetubus hits you.
* * * LOW HITPOINT WARNING * * *
The ufetubus closely misses you. The ufetubus barely misses you. x2
The ufetubus closely misses you. The ufetubus barely misses you.
The ufetubus misses you. x2
The ufetubus hits you but does no damage.
The ufetubus hits you.
* * * LOW HITPOINT WARNING * * *
The ynoxinul gestures at you. The iron shot misses you.
The ufetubus barely misses you. The ufetubus closely misses you.
You barely miss the ufetubus. Your grab misses the ufetubus.
Your squeeze misses the ufetubus. The ufetubus hits you.
You die...

......#.#
.......∩
......#.#
......#..
......#.### ..
..........# #.##
........5.#.....
.......355....#
.##@# #55# #.##
#. #. .. .# ..


You could see a ynoxinul (very poisoned) and 5 ufetubi.

Vanquished Creatures
  An adder (D:2)
  A ribbon worm (D:2)
  7 endoplasms
  A giant cockroach (D:1)
  6 goblins
  3 hobgoblins
  4 jackals (D:2)
  A quokka (D:1)
  5 ball pythons
  A bat (D:2)
  A frilled lizard (D:1)
  3 kobolds
  3 rats (D:2)
37 creatures vanquished.

Notes
Turn   | Place    | Note
-------+----------+-------------------------------------------
     0 | D:1      | Adrian566 the Octopode Brigand began the quest for the Orb.
     0 | D:1      | Reached XP level 1. HP: 14/14 MP: 1/1
   167 | D:1      | Reached XP level 2. HP: 15/19 MP: 2/2
   257 | D:1      | Reached skill level 6 in Stealth
   736 | D:1      | Gained mutation: You are agile. (Dex +4, Str/Int -1)
                  | [potion of mutation]
   736 | D:1      | Lost mutation: You are agile. (Dex +4, Str/Int -1) [potion
                  | of mutation]
   736 | D:1      | Gained mutation: Potions are less effective at restoring
                  | your health. [potion of mutation]
   736 | D:1      | Gained mutation: You expend magic power (3 MP) to
                  | strengthen your wands. [potion of mutation]
   997 | D:2      | Found a faded altar of an unknown god.
  1006 | D:2      | Got Plato's Tractate on Assaults
  1024 | D:2      | Prayed at the altar of an unknown god.
  1024 | D:2      | Became a worshipper of Lugonu the Unformed
  1024 | D:2      | Reached * piety under Lugonu
  1047 | D:2      | Reached XP level 3. HP: 24/24 MP: 3/3
  1106 | D:2      | Fell from the grace of Lugonu
  1183 | D:2      | Found a radiant altar of Vehumet.
  1262 | D:2      | Reached skill level 7 in Stealth
  1311 | D:2      | Noticed a small abomination
  1311 | Abyss:1  | Cast into level 1 of the Abyss (Lugonu's touch)
  1320 | Abyss:1  | Noticed a ynoxinul
  1336 | Abyss:1  | HP: 1/24 [ufetubus[a ynoxinul] (3)]
  1337 | Abyss:1  | Slain by an ufetubus

Illustrated notes

Levels and vault maps discovered:
D:1:      eino_arrival_water_cross, layout_loops_ring
D:2:      layout_basic, shapermc_ecumenical_altar_rom_forum, basic_altar,
          kennysheep_generic_room_6
Abyss:1:  base:
D:2

Skill      XL: |  1  2  3 |
---------------+----------+-----
Stealth        | 6 7 |  7.0
Fighting       | |  2.1
Short Blades   | |  2.1
Throwing       | |  2.1
Dodging        | |  1.1

Action                     || total
---------------------------++-------
  Melee: Dagger            ||    66
         Constrict         ||    14
         Tentacles         ||     4
 Invoke: Renounce Religion ||     1
    Use: Scroll            ||     5
         Potion            ||     3
   Stab: Sleeping          ||    14
 Armour: Skin              ||    84
  Dodge: Dodged            ||    35

Table legend: (Time is in decaauts)
 A = Elapsed time spent in this place.
 B = Non-inter-level travel time spent in this place.
 C = Inter-level travel time spent in this place.
 D = Time resting spent in this place.
 E = Time spent auto-exploring this place.
 F = Levels seen in this place.
 G = Mean time per level.
                   A        B        C        D        E       F      G
               +--------+--------+--------+--------+--------+-----+--------+
         Total |   1328 |   1305 |     23 |    288 |    766 |   3 |  442.7 |
       Dungeon |   1304 |   1281 |     23 |    284 |    766 |   2 |  652.0 |
         Abyss |     24 |     24 |      0 |      4 |      0 |   1 |   24.0 |
               +--------+--------+--------+--------+--------+-----+--------+

Top non-repeatable levels by time:
     D:1: 966 daAuts
     D:2: 338 daAuts
 Abyss:1: 24 daAuts
